 Dungeon Crawl Stone Soup version 0.31.0-9-g3a7656b989 (webtiles) character file.

Game seed: 11637220156648248504

46 qw the Shooter (level 3, -1/18 HPs)
             Began as a Spriggan Hunter on Feb 2, 2024.
             Succumbed to their own poison gas
             ... on level 2 of the Dungeon.
             The game lasted 00:00:05 (1284 turns).

qw the Shooter (Spriggan Hunter)                    Turns: 1284, Time: 00:00:06

Health: -1/18      AC:  2    Str:  7    XL:     3   Next: 46%
Magic:  4/4        EV: 19    Int: 10    God:
Gold:   76         SH:  0    Dex: 20    Spells: 2/2 levels left

rFire   . . .        a - +0 shortbow
rCold   . . .        (shield currently unavailable)
rNeg    . . .        i - +0 robe {Will+}
rPois   .            (helmet restricted)
rElec   .            (no cloak)
rCorr   .            (gloves unavailable)
SInv    +            (boots unavailable)
Will    +....        (no amulet)
Stlth   ++           (no ring)
HPRegen 0.23/turn    (no ring)
MPRegen 0.09/turn

%: no passive effects
@: lethally poisoned (-1 -> -6), very quick
A: very small, no large weapons, unfitting armour, see invisible, speed 3
a: no special abilities


You were on level 2 of the Dungeon.
You visited 1 branch of the dungeon, and saw 2 of its levels.

You collected 76 gold pieces.


Innate Abilities, Weirdness & Mutations

You are very small and have problems with some larger weapons.
You are too small for most types of armour.
You have supernaturally acute eyesight. (SInv)
You cover ground extremely quickly. (Speed+++)


   Skills:
 - Level 1.5 Fighting
 + Level 4.7 Ranged Weapons
 - Level 4.0 Dodging
 - Level 1.5 Stealth


You had 2 spell levels left.
You didn't know any spells.
Your spell library was empty.

Inventory:

Hand Weapons
 a - a +0 shortbow (weapon)
Armour
 i - a +0 robe of willpower (worn)
Potions
 b - a potion of invisibility {unknown}
 d - a potion of degeneration {unknown}
 f - a potion of heal wounds {unknown}
 g - a potion of cancellation {unknown}
 h - a potion of curing {unknown}

Dungeon Overview and Level Annotations

Branches:
Dungeon (2/15)

Altars:

Shops:
D:2 [


Message History

You see here a +0 dagger.
Found an escape hatch in the ceiling.
There is an entrance to Sodwidy's Armour Shoppe here.
Done exploring.
Done exploring.
1267 ||| UPGRADING to +0 robe of willpower.
You start removing your armour.
You continue taking off your +0 robe. x4
You finish taking off your +0 robe.
You start putting on your armour.
You continue putting on your +0 robe of willpower. x5
You finish putting on your +0 robe of willpower.
You feel strong-willed.
1277 ||| DROPPING +0 robe.
You drop a +0 robe.
Done exploring.
1278 ||| READING scroll labelled ZISITHO ONWU.
The air fills with toxic fumes!
As you read the scroll labelled ZISITHO ONWU, it crumbles to dust.
It was a scroll of poison.
Done exploring.
What level of the Dungeon? (default 2, ? - help) Sorry, I don't know how to get there.
Enter note:
Enter note:
Enter note:
Enter note:
Enter note:
Enter note: You are engulfed in poison gas.
You are poisoned.
You feel very sick.
1280 ||| Stepping ~*~*~tactically~*~*~ (cloud).
You feel sick.
You see here a +0 robe.
There is a lethal amount of poison in your body!
You feel very sick.
There is a lethal amount of poison in your body!
You feel sick.
There is a lethal amount of poison in your body!
You feel sick.
There is a lethal amount of poison in your body!
You die...

########### #¤¤¤¤¤¤0¤¤#
#0¤¤¤¤¤¤0¤# #¤¤@¤¤¤¤¤¤#
#¤¤0¤¤¤¤¤¤# ####¤¤¤¤¤¤¤0¤#
#.¤¤¤¤¤¤¤0¤¤¤#
########¤¤¤¤0¤¤¤¤0¤¤#
#..#>.¤¤0¤¤¤¤¤¤¤¤¤¤¤##########
#8.#..¤¤0¤¤0¤¤0¤¤¤00..........
####.....¤¤¤¤¤¤00¤¤¤¤¤0##########
#.8.\.8..##............#


There were no monsters in sight!

Vanquished Creatures
  An adder (D:2)
  2 dart slugs
  6 bats
  2 endoplasms (D:1)
  3 giant cockroaches
  3 hobgoblins
  4 ball pythons
  2 frilled lizards
  5 goblins
  2 kobolds (D:1)
  A rat (D:1)
31 creatures vanquished.

Notes
Turn   | Place    | Note
-------+----------+-------------------------------------------
     0 | D:1      | qw the Spriggan Hunter began the quest for the Orb.
     0 | D:1      | Reached XP level 1. HP: 10/10 MP: 2/2
     0 | D:1      | 0 ||| qw: Version: 0.3-a-155-g5e7d8dd
     0 | D:1      | 0 ||| qw: Game counter: 2844
     0 | D:1      | 0 ||| qw: Melee chars always use a shield: true
     0 | D:1      | 0 ||| qw: God list: Okawaru
     0 | D:1      | 0 ||| qw: Allow faded altars: false
     0 | D:1      | 0 ||| qw: Do Orc after clearing Dungeon:15 true
     0 | D:1      | 0 ||| qw: Do second Lair branch before Depths: true
     0 | D:1      | 0 ||| qw: Lair rune preference: random
     0 | D:1      | 0 ||| qw: Goals: Normal
     0 | D:1      | 0 ||| PLANNING D:1-11
    35 | D:1      | Reached skill level 3 in Dodging
   141 | D:1      | Reached XP level 2. HP: 14/14 MP: 3/3
   830 | D:1      | 830 ||| READING scroll labelled UTUCVI TONANI.
   831 | D:1      | 831 ||| READING scroll labelled FUYQ CYNKE.
   831 | D:1      | 831 ||| IDENTIFYING lumpy red potion
   832 | D:1      | 832 ||| DROPPING scroll of butterflies.
   833 | D:1      | 833 ||| DROPPING potion of brilliance.
   863 | D:2      | 863 ||| STAIRDANCE
   952 | D:2      | 952 ||| FLEEEEING.
   954 | D:2      | 954 ||| FLEEEEING.
   956 | D:2      | 956 ||| FLEEEEING.
   957 | D:2      | 957 ||| FLEEEEING.
   961 | D:2      | Reached XP level 3. HP: 17/18 MP: 4/4
  1246 | D:2      | Found Sodwidy's Armour Shoppe.
  1267 | D:2      | 1267 ||| UPGRADING to +0 robe of willpower.
  1277 | D:2      | 1277 ||| DROPPING +0 robe.
  1278 | D:2      | 1278 ||| READING scroll labelled ZISITHO ONWU.
  1280 | D:2      | 1280 ||| Stepping ~*~*~tactically~*~*~ (cloud).
  1282 | D:2      | HP: 3/18 [poisoned by you (poison gas)]
  1283 | D:2      | HP: 1/18 [poisoned by you (poison gas)]
  1284 | D:2      | Succumbed to their own poison gas

Levels and vault maps discovered:
D:1:      lightli_arrival_statuegarden, layout_basic
D:2:      layout_basic, serial_shops, nicolae_shop_statue_plus

Skill      XL: |  1  2 |
---------------+-------+-----
Dodging        | 3 4 |  4.0
Fighting       | |  1.5
Ranged Weapons | |  4.7
Stealth        | |  1.5

Action                     || total
---------------------------++-------
   Fire: Shortbow          ||    71
    Use: Scroll            ||     3
 Armour: Robe              ||    10
  Dodge: Dodged            ||    22

Table legend:
 A = Non-vault XP
 B = Vault XP
 C = Vault XP percentage of total XP
 D = Non-vault monster count
 E = Vault monster count
 F = Vault count percentage of total count
                 A         B        C        D         E       F
            +---------+---------+-------+---------+---------+-------
      Total |      67 |       0 |   0.0 |      31 |       0 |   0.0
            +---------+---------+-------+---------+---------+-------
        D:1 |      31 |       0 |   0.0 |      18 |       0 |   0.0
        D:2 |      36 |       0 |   0.0 |      13 |       0 |   0.0
            +---------+---------+-------+---------+---------+-------
